Workbook

Sheet Valor Máximo Aceitável
A1: Valor Máximo Aceitável para os serviços de Limpeza
A2: Planilha de Custos e Formação de Preços
A3: Em atenção ao disposto no Artigo 9º da Instrução Normativa SEGES/ME nº 65/2021, o item 2.9 do Anexo V da IN SEGES/MPOG nº 05/2017, e artigos 4º e 5º da Portaria SEGES/SEDGG/ME nº 21.262/2020, foi elaborada a presente planilha para identificação dos valores máximos aceitáveis para a contratação dos serviços de apoio administrativo para a SEMS/TO. Para os cálculos realizados foram considerados a Convenção Coletiva de Trabalho firmada entre o Sindicato dos Trabalhadores em Empresas de Asseio, Conservação Ambiental e Pública do Estado do Tocantins e o Sindicato das Empresas de Asseio, Conservação, Limpeza Urbana e Terceirização de Mão-de-Obra do Estado do Tocantins, registrada sob o número TO000012/2026; A legislação sobre o tema; e demais orientação aplicáveis ao caso.
B5: Processo nº: | C5: 25026.000357/2026-78
A7: A | B7: Acordo, Convenção ou Sentença em Dissídio Coletivo | G7: TO000012/2026
A8: B | B8: Nº de Meses da Execução Contratual | G8: 12
A11: Valor Máximo Aceitável
A12: Item | B12: Especificação | C12: CATSER | D12: Quantidade de Postos | E12: Meses de Execução Contratual | F12: Valor (Posto/Mês) | G12: Valor Mensal (R$) | H12: Valor Anual (R$)
A13: 1 | B13: Apoio Administrativo - Auxiliar Administrativo | C13: 5380 | D13: 12 | E13: =G8 -> 12 | F13: ='Auxiliar Adm.'!H116 -> 6721.0031 | G13: =D13*F13 -> 80652.038 | H13: =G13*E13 -> 967824.45
A14: 2 | B14: Apoio Administrativo - Analsita Administrativo | C14: 5380 | D14: 3 | F14: ='Analista Adm.'!H116 -> 11163.014 | G14: =D14*F14 -> 33489.042 | H14: =G14*E13 -> 401868.51
A15: Valor Total | G15: =SUM(G13:G14) -> 114141.08 | H15: =SUM(H13:H14) -> 1369693

Sheet Auxiliar Adm.
A1: Valor Máximo Aceitável para os serviços de Limpeza
A2: Planilha de Custos e Formação de Preços
A3: ='Valor Máximo Aceitável'!A3:H3 -> Em atenção ao disposto no Artigo 9º da Instrução Normativa SEGES/ME nº 65/2021, o item 2.9 do Anexo V da IN SEGES/MPOG nº 05/2017, e artigos 4º e 5º da Portaria SEGES/SEDGG/ME nº 21.262/2020, foi elaborada a presente planilha para identificação dos valores máximos aceitáveis para a contratação dos serviços de apoio administrativo para a SEMS/TO. Para os cálculos realizados foram considerados a Convenção Coletiva de Trabalho firmada entre o Sindicato dos Trabalhadores em Empresas de Asseio, Conservação Ambiental e Pública do Estado do Tocantins e o Sindicato das Empresas de Asseio, Conservação, Limpeza Urbana e Terceirização de Mão-de-Obra do Estado do Tocantins, registrada sob o número TO000012/2026; A legislação sobre o tema; e demais orientação aplicáveis ao caso.
B5: Processo nº: | C5: ='Valor Máximo Aceitável'!C5:G5 -> 25026.000357/2026-78
K6: INFOMAÇÕES E DADOS PARA CÁLCULO
A7: A | B7: Acordo, Convenção ou Sentença em Dissídio Coletivo | G7: ='Valor Máximo Aceitável'!G7:H7 -> TO000012/2026 | K7: Informar qual a CCT Base e o Ano
A8: B | B8: Nº de Meses da Execução Contratual | G8: ='Valor Máximo Aceitável'!G8:H8 -> 12 | K8: Informar o nº de meses de execução contratual de acordo com o TR
A10: MÃO DE OBRA
A12: MÃO DE OBRA VINCULADA À EXECUÇÃO CONTRATUAL
A13: Dados complementares para a composição de custo referente à Mão de Obra
A14: 1 | B14: Tipo de Serviço | H14: Apoio Administrativo | K14: Informar o Tipo de Serviço.
A15: 2 | B15: Classificação Brasileira de Ocupações | H15: 4110-05 | K15: Informar o CBO da Ocupação.
A16: 3 | B16: Categoria Profissional | H16: Auxiliar Administrativo | K16: Informar a Categoria Profissional.
A17: 4 | B17: Salário Normativo da Categoria Profissional | H17: 2091.61 | K17: Informar o Salário Normativo na CCT.
A18: 5 | B18: Data Base da Categoria | H18: 46023 | K18: Informar Data Base da Categoria.
A20: MÓDULO 01 - COMPOSIÇÃO DA REMUNERAÇÃO
A21: 1 | B21: Composição da Remuneração | H21: Valor (R$)
A22: A | B22: Salário Base | H22: =H17 -> 2091.61 | K22: Salário Base contido na CCT ou qualquer valor acima deste.
A23: B | B23: Outros (Especificar)
A24: Total do Módulo 01 | H24: =SUM(H22:I23) -> 2091.61 | K24: Soma dos itens A e B.
A26: MÓDULO 02 - ENCARGOS E BENEFÍCIOS ANUAIS MENSAIS E DIÁRIOS
A27: 2.1 | B27: Submódulo 2.1 - 13º Salário e Adicional de Férias | H27: (%) | I27: Valor (R$)
A28: A | B28: 13º Salário | H28: =1/12 -> 0.083333333 | I28: =ROUND($H$24*H28,2) -> 174.3 | K28: Cálculo = 1/12 (H28) x Remuneração (H24).
A29: B | B29: Adicional de Férias | H29: =(4/3)/12 -> 0.11111111 | I29: =ROUND($H$24*H29,2) -> 232.4 | K29: Cálculo = 1 salário + 1/3 referente ao Adicional de Férias (4/3) dividido por 12 (H29) x Remuneração (H24).
A30: Total do Submódulo 2.1 | H30: =SUM(H28:H29) -> 0.19444444 | I30: =ROUND(SUM(I28:I29),2) -> 406.7 | K30: Soma dos itens A e B.
A32: 2.2 | B32: Submódulo 2.2 - GPS, FGTS e outras contribuições | H32: (%) | I32: Valor (R$)
A33: A | B33: INSS | H33: 0.2 | I33: =ROUND(H33*($H$24+$I$30),2) -> 499.66 | K33: Cálculo = Percentual Legal de 20% (H33) x (Total da Remuneração (H24) + Total do Submódulo 2.1 (I30)).
A34: B | B34: Salário Educação | H34: 0.025 | I34: =ROUND(H34*($H$24+$I$30),2) -> 62.46 | K34: Cálculo = Percentual Legal de 2,50% (H34) x (Total da Remuneração (H24) + Total do Submódulo 2.1 (I33)).
A35: C | B35: Seguro Acidente do Trabalho (RATxFAP) | D35: RAT | E35: 3 | F35: FAT | G35: 2 | H35: =E35*G35/100 -> 0.06 | I35: =ROUND(H35*($H$24+$I$30),2) -> 149.9 | K35: Cálculo = Multiplicação dos Fatores RAT x FAT - Valor que poderá ser no máximo de 6% (H35) x (Total da Remuneração (H24) + Total do Submódulo 2.1 (I30)).
A36: D | B36: SESC ou SESI | H36: 0.015 | I36: =ROUND(H36*($H$24+$I$30),2) -> 37.47 | K36: Cálculo = Percentual Legal de 1,50% (H36) x (Total da Remuneração (H24) + Total do Submódulo 2.1 (I30)).
A37: E | B37: SENAI ou SENAC | H37: 0.01 | I37: =ROUND(H37*($H$24+$I$30),2) -> 24.98 | K37: Cálculo = Percentual Legal de 1,00% (H37) x (Total da Remuneração (H24) + Total do Submódulo 2.1 (I30)).
A38: F | B38: SEBRAE | H38: 0.006 | I38: =ROUND(H38*($H$24+$I$30),2) -> 14.99 | K38: Cálculo = Percentual Legal de 0,60% (H38) x (Total da Remuneração (H24) + Total do Submódulo 2.1 (I30)).
A39: G | B39: INCRA | H39: 0.002 | I39: =ROUND(H39*($H$24+$I$30),2) -> 5 | K39: Cálculo = Percentual Legal de 0,20% (H39) x (Total da Remuneração (H24) + Total do Submódulo 2.1 (I30)).
A40: H | B40: FGTS | H40: 0.08 | I40: =ROUND(H40*($H$24+$I$30),2) -> 199.86 | K40: Cálculo = Percentual Legal de 8,00% (H40) x (Total da Remuneração (H24) + Total do Submódulo 2.1 (I30)).
A41: Total do Submódulo 2.2 | H41: =SUM(H33:H40) -> 0.398 | I41: =SUM(I33:I40) -> 994.32 | K41: Soma dos Itens A a H.
A43: 2.3 | B43: Submódulo 2.3 - Benefícios Mensais e Diários | H43: Valor (R$)
A44: A | B44: Transporte | C44: Sim/Não | D44: Valor (R$) | E44: Passagens | F44: Dias | G44: Desconto | H44: =IF(C45="S",(D45*E45*F45)-G45,"") -> 87.9 | K44: Caso não seja previsto Auxílio Transporte, marcar a opção "N" no Campo C45.
C45: S | D45: 4.85 | E45: 2 | F45: 22 | G45: =IF(C45="N","",IF(H22>0,ROUND(0.06*H22,2),"")) -> 125.5 | K45: Cálculo = Valor Unitário da Passagem (D45) x Quant. (E45) x Total de Dias (F45) - Desconto Legal (G45) de 6% do Salário Base (H22).
A46: B | B46: Auxílio Refeição/Alimentação | D46: Sim/Não | E46: Valor (R$) | G46: Desconto | H46: =IF(D47="S",ROUND((E47)*(1-G47),2),"") -> 911.49 | K46: Caso não seja previsto Auxílio Alimentaçõ/Refeição, marcar a opção "N" no Campo D47.
D47: S | E47: 920.7 | G47: 0.01 | K47: Cálculo = Valor Total do Vale (E47) - Desconto percentual (verificar se há ou não desconto na CCT e aplicar).
A48: C | B48: Seguro de Vida, Invalidez e Funeral | H48: 10.5 | K48: Inserir o valor por funcionário se houver.
A49: D | B49: Amparo Social | H49: 23.36 | K49: Valor de amparo social previsto no Contrato nº 110/2025.
A50: E | B50: Outros (Especificar) | K50: Inserir o valor por funcionário se houver.
A51: Total do Submódulo 2.3 | H51: =SUM(H44:I50) -> 1033.25 | K51: Soma dos Itens A a E.
A53: QUADRO RESUMO DO MÓDULO 02 - ENCARGOS E BENEFÍCIOS ANUAIS MENSAIS E DIÁRIOS
A54: 2 | B54: Encargos e Benefícios Anuais, Mensais e Diários | H54: Valor (R$)
A55: 2.1 | B55: 13º (décimo terceiro) Salário e Adicional de Férias | H55: =I30 -> 406.7 | K55: Soma do total do Submódulo 2.1, extraído do campo I30.
A56: 2.2 | B56: GPS, FGTS e outras contribuições | H56: =I41 -> 994.32 | K56: Soma do total do Submódulo 2.2, extraído do campo I41.
A57: 2.3 | B57: Benefícios Mensais e Diários | H57: =H51 -> 1033.25 | K57: Soma do total do Submódulo 2.3, extraído do campo H51.
A58: Total do Módulo 02 | H58: =SUM(H55:I57) -> 2434.27 | K58: Soma dos itens 2.1 a 2.3.
A60: MÓDULO 03 - PROVISÃO PARA RESCISÃO
A61: 3 | B61: Provisão para Rescisão | H61: (%) | I61: Valor (R$)
A62: A | B62: Aviso Prévio Indenizado | F62: (%) : | G62: 1 | H62: =(1/12)*G62 -> 0.083333333 | I62: =H62*$H$24 -> 174.30083 | K62: Cálculo = Percentual indicado de trabalhadores demitidos com aviso prévio indenizado (G62) * Percentual de 1/12 (H62) x Total da Remuneração (H24).
A63: B | B63: Incidência do FGTS sobre o Aviso Prévio Indenizado | H63: =0.08*H62 -> 0.0066666667 | I63: =H63*$H$24 -> 13.944067 | K63: Cálculo = Percentual de 8% x Percentual valor previsto para API (H62) x Total da Remuneração (H24).
A64: C | B64: Aviso Prévio Trabalhado | H64: =(7/30)/12*0 -> 0 | I64: =H64*$H$24 -> 0 | K64: Cálculo = ((1/30)*7)/12 = Percentual de 1,94% (H65) x Total da Remuneração (H24) Total zerado em razão da previsão de 100% de ocorrência do aviso prévio indenizado.
A65: D | B65: Incidência dos encargos do submódulo 2.2 sobre o Aviso Prévio Trabalhado | H65: =H64*H41 -> 0 | I65: =H65*$H$24 -> 0 | K65: Cálculo = Percentual do Submódulo 2.2 (H41) x Percentual do APT (H65) x Total da Remuneração (H24).
A66: F | B66: Multa do FGTS e contribuição social sobre o Aviso Prévio Trabalhado | H66: 0.04 | I66: =H66*$H$24 -> 83.6644 | K66: Cálculo = Anexo XII da IN 5/2017: Para os órgãos que trabalham com Conta Vinculada, a Multa do FGTS deve ser igual a 4%.
A67: Total do Módulo 03 | H67: =SUM(I62:I66) -> 271.9093 | K67: Soma dos Itens A a F
A69: MÓDULO 04 - CUSTO DE REPOSIÇÃO DO PROFISSIONAL AUSENTE
A70: 4.1 | B70: Submódulo 4.1 - Ausências Legais | H70: (%) | I70: Valor (R$)
A71: A | B71: Substituto na Cobertura de Férias | H71: =((((4/3)/12)+(1/12))/12) -> 0.016203704 | I71: =H71*$H$24 -> 33.891829 | K71: Cálculo = (Percentual de 1/12 (referente ao aprovisionamento mensal das férias do ferista) + Percentual de 1/12 (referente ao aprovisionamento mensal das 13º salário))/12 (meses do contrato) (H71) x Total da Remuneração (H24).
A72: B | B72: Substituto na Cobertura das Ausências Legais | H72: 0.0054 | I72: =H72*$H$24 -> 11.294694 | K72: Cálculo = Percentual indicado, conforme CCT (H72) x Total da Remuneração (H24).
A73: C | B73: Substituto na Cobertura de Licença-Paternidade/Maternidade | H73: 0.0002 | I73: =H73*$H$24 -> 0.418322 | K73: Cálculo = Percentual indicado, conforme CCT (H73) x Total da Remuneração (H24).
A74: D | B74: Substituto na Cobertura das Ausências por Acidente de Trabalho | H74: 0.0033 | I74: =H74*$H$24 -> 6.902313 | K74: Cálculo = Percentual indicado, conforme CCT (H74) x Total da Remuneração (H24).
A75: E | B75: Substituto na Cobertura de Auxílio Doença | H75: 0.0287 | I75: =H75*$H$24 -> 60.029207 | K75: Cálculo = Percentual indicado, conforme CCT (H75) x Total da Remuneração (H24).
A76: F | B76: Substituto na Cobertura de Outras Ausências (Especificar) | I76: =H76*$H$24 -> 0
A77: Total do Submódulo 4.1 | H77: =SUM(H71:H76) -> 0.053803704 | I77: =SUM(I71:I76) -> 112.53636 | K77: Soma dos Itens A a F.
A79: 4.2 | B79: Submódulo 4.2 - Substituto na Intrajornada | H79: (%) | I79: Valor (R$)
A80: A | B80: Substituto no Intervalo para Repouso ou Alimentação | I80: =(H24)*H80 -> 0 | K80: Apresentar Base de cálculo para o percentual indicado.
A81: Total do Submódulo 4.2 | H81: =SUM(I80) -> 0
A83: QUADRO RESUMO DO MÓDULO 04 - CUSTO DE REPOSIÇÃO DO PROFISSIONAL AUSENTE
A84: 4 | B84: Custo de Reposição de Profissionais Ausentes. | H84: Valor (R$)
A85: 4.1 | B85: Ausências Legais | H85: =I77 -> 112.53636 | K85: Soma Total do Submódulo 4.1 extraída do Campo I77.
A86: 4.2 | B86: Substituto na Intrajornada | H86: =H81 -> 0 | K86: Soma Total do Submódulo 4.2 extraída do Campo H81.
A87: Total do Módulo 04 | H87: =SUM(H85:I86) -> 112.53636 | K87: Soma dos Itens 4.1 e 4.2.
A89: MÓDULO 05 - INSUMOS DIVERSOS
A90: 5 | B90: Insumos Diversos | H90: Valor (R$)
A91: A | B91: Uniformes (custo mensal por empregado) | H91: =Uniformes!E11 -> 70.07 | K91: Cálculo = Se houver, calcular o valor total dividir pela quantidade de meses do contrato, utilizando uma memória de cálculo em outra planilha.
A92: B | B92: Equipamentos (custo mensal por empregado) | H92: =Equipamento!E7 -> 9.44 | K92: Cálculo = Se houver, calcular o valor total dividir pela quantidade de meses do contrato, utilizando uma memória de cálculo em outra planilha.
A93: C | B93: Outros (Especificar) | H93: 0 | K93: Cálculo = Se houver, calcular o valor total dividir pela quantidade de meses do contrato, utilizando uma memória de cálculo em outra planilha.
A94: Total do Módulo 05 | H94: =SUM(H91:I93) -> 79.51 | K94: Soma dos Itens A a C.
A96: MÓDULO 6: CUSTOS INDIRETOS, TRIBUTOS E LUCRO
A97: 6 | B97: Custos Indiretos, Tributos e Lucro | H97: (%) | I97: Valor (R$)
A98: A | B98: Custos indiretos | H98: 0.05 | I98: =H114*H98 -> 249.49178 | K98: Cálculo = % (H98) x Módulo 1 a 5 (H114).
A99: B | B99: Lucro | H99: 0.1 | I99: =(I98+H114)*H99 -> 523.93274 | K99: Cálculo = % (H99) x (Módulo 1 a 5 (H114) + Custos Indiretos (I98)).
A100: C | B100: Tributos | H100: =SUM(H101:H104) -> 0.1425 | I100: =SUM(I101:I104) -> 957.74295 | K100: Cálculo = Soma dos Tributos (I101 a I103).
A101: C.1 | C101: Tributos Federais | D101: PIS | H101: 0.0165 | I101: =(($H$114+$I$98+$I$99)/(1-$H$100))*H101 -> 110.89655 | K101: Cálculo = % (H101) x ((Módulo 1 a 5 (H114) + Custos Indiretos (I98) + Lucro (I99)) / (1 - Percentual de Tributos (H100))).
A102: C.2 | D102: COFINS | H102: 0.076 | I102: =(($H$114+$I$98+$I$99)/(1-$H$100))*H102 -> 510.79624 | K102: Cálculo = % (H102) x ((Módulo 1 a 5 (H114) + Custos Indiretos (I98) + Lucro (I99)) / (1 - Percentual de Tributos (H100))).
A103: C.3 | C103: Tibutos Municipais | D103: ISS | H103: 0.05 | I103: =(($H$114+$I$98+$I$99)/(1-$H$100))*H103 -> 336.05016 | K103: Cálculo = % (H103) x ((Módulo 1 a 5 (H114) + Custos Indiretos (I98) + Lucro (I99)) / (1 - Percentual de Tributos (H100))).
A104: C.4 | C104: Outros Tributos | H104: 0 | I104: =(($H$114+$I$98+$I$99)/(1-$H$100))*H104 -> 0
A105: Total Módulo 06 | I105: =SUM(I98:I100) -> 1731.1675 | K105: Soma dos Itens A a C.
A107: QUADRO RESUMO DO CUSTO POR EMPREGADO
A108: Mão-de-obra vinculada à execução contratual (valor por empregado) | H108: Valor (R$)
A109: A | B109: Módulo 1 - Composição da Remuneração | H109: =H24 -> 2091.61 | K109: Cálculo = Soma do Módulo 1 (H24).
A110: B | B110: Módulo 2 - Encargos e Benefícios Anuais, Mensais e Diários | H110: =H58 -> 2434.27 | K110: Cálculo = Soma do Módulo 2 (H58).
A111: C | B111: Módulo 3 - Provisão para rescisão | H111: =H67 -> 271.9093 | K111: Cálculo = Soma do Módulo 3 (H67).
A112: D | B112: Módulo 4 – Custo de Reposição do Profissional Ausente | H112: =H87 -> 112.53636 | K112: Cálculo = Soma do Módulo 4 (H87).
A113: E | B113: Módulo 5 – Insumos Diversos | H113: =H94 -> 79.51 | K113: Cálculo = Soma do Módulo 5 (H94).
A114: SUBTOTAL (A+B+C+D+E) | H114: =SUM(H109:I113) -> 4989.8357 | K114: Soma dos Itens A a E.
A115: F | B115: Módulo 6 – Custos indiretos, tributos e lucro | H115: =I105 -> 1731.1675 | K115: Cálculo = Soma do Módulo 6 (H105).
...

Sheet Analista Adm.
A1: Valor Máximo Aceitável para os serviços de Limpeza
A2: Planilha de Custos e Formação de Preços
A3: ='Valor Máximo Aceitável'!A3:H3 -> Em atenção ao disposto no Artigo 9º da Instrução Normativa SEGES/ME nº 65/2021, o item 2.9 do Anexo V da IN SEGES/MPOG nº 05/2017, e artigos 4º e 5º da Portaria SEGES/SEDGG/ME nº 21.262/2020, foi elaborada a presente planilha para identificação dos valores máximos aceitáveis para a contratação dos serviços de apoio administrativo para a SEMS/TO. Para os cálculos realizados foram considerados a Convenção Coletiva de Trabalho firmada entre o Sindicato dos Trabalhadores em Empresas de Asseio, Conservação Ambiental e Pública do Estado do Tocantins e o Sindicato das Empresas de Asseio, Conservação, Limpeza Urbana e Terceirização de Mão-de-Obra do Estado do Tocantins, registrada sob o número TO000012/2026; A legislação sobre o tema; e demais orientação aplicáveis ao caso.
B5: Processo nº: | C5: ='Valor Máximo Aceitável'!C5:G5 -> 25026.000357/2026-78
K6: INFOMAÇÕES E DADOS PARA CÁLCULO
A7: A | B7: Acordo, Convenção ou Sentença em Dissídio Coletivo | G7: ='Valor Máximo Aceitável'!G7:H7 -> TO000012/2026 | K7: Informar qual a CCT Base e o Ano
A8: B | B8: Nº de Meses da Execução Contratual | G8: ='Valor Máximo Aceitável'!G8:H8 -> 12 | K8: Informar o nº de meses de execução contratual de acordo com o TR
A10: MÃO DE OBRA
A12: MÃO DE OBRA VINCULADA À EXECUÇÃO CONTRATUAL
A13: Dados complementares para a composição de custo referente à Mão de Obra
A14: 1 | B14: Tipo de Serviço | H14: Apoio Administrativo | K14: Informar o Tipo de Serviço.
A15: 2 | B15: Classificação Brasileira de Ocupações | H15: 2521-05 | K15: Informar o CBO da Ocupação.
A16: 3 | B16: Categoria Profissional | H16: Analista Administrativo | K16: Informar a Categoria Profissional.
A17: 4 | B17: Salário Normativo da Categoria Profissional | H17: 3918.16 | K17: Informar o Salário Normativo na CCT.
A18: 5 | B18: Data Base da Categoria | H18: 46023 | K18: Informar Data Base da Categoria.
A20: MÓDULO 01 - COMPOSIÇÃO DA REMUNERAÇÃO
A21: 1 | B21: Composição da Remuneração | H21: Valor (R$)
A22: A | B22: Salário Base | H22: =H17 -> 3918.16 | K22: Salário Base contido na CCT ou qualquer valor acima deste.
A23: B | B23: Outros (Especificar)
A24: Total do Módulo 01 | H24: =SUM(H22:I23) -> 3918.16 | K24: Soma dos itens A e B.
A26: MÓDULO 02 - ENCARGOS E BENEFÍCIOS ANUAIS MENSAIS E DIÁRIOS
A27: 2.1 | B27: Submódulo 2.1 - 13º Salário e Adicional de Férias | H27: (%) | I27: Valor (R$)
A28: A | B28: 13º Salário | H28: =1/12 -> 0.083333333 | I28: =ROUND($H$24*H28,2) -> 326.51 | K28: Cálculo = 1/12 (H28) x Remuneração (H24).
A29: B | B29: Adicional de Férias | H29: =(4/3)/12 -> 0.11111111 | I29: =ROUND($H$24*H29,2) -> 435.35 | K29: Cálculo = 1 salário + 1/3 referente ao Adicional de Férias (4/3) dividido por 12 (H29) x Remuneração (H24).
A30: Total do Submódulo 2.1 | H30: =SUM(H28:H29) -> 0.19444444 | I30: =ROUND(SUM(I28:I29),2) -> 761.86 | K30: Soma dos itens A e B.
A32: 2.2 | B32: Submódulo 2.2 - GPS, FGTS e outras contribuições | H32: (%) | I32: Valor (R$)
A33: A | B33: INSS | H33: 0.2 | I33: =ROUND(H33*($H$24+$I$30),2) -> 936 | K33: Cálculo = Percentual Legal de 20% (H33) x (Total da Remuneração (H24) + Total do Submódulo 2.1 (I30)).
A34: B | B34: Salário Educação | H34: 0.025 | I34: =ROUND(H34*($H$24+$I$30),2) -> 117 | K34: Cálculo = Percentual Legal de 2,50% (H34) x (Total da Remuneração (H24) + Total do Submódulo 2.1 (I33)).
A35: C | B35: Seguro Acidente do Trabalho (RATxFAP) | D35: RAT | E35: 3 | F35: FAT | G35: 2 | H35: =E35*G35/100 -> 0.06 | I35: =ROUND(H35*($H$24+$I$30),2) -> 280.8 | K35: Cálculo = Multiplicação dos Fatores RAT x FAT - Valor que poderá ser no máximo de 6% (H35) x (Total da Remuneração (H24) + Total do Submódulo 2.1 (I30)).
A36: D | B36: SESC ou SESI | H36: 0.015 | I36: =ROUND(H36*($H$24+$I$30),2) -> 70.2 | K36: Cálculo = Percentual Legal de 1,50% (H36) x (Total da Remuneração (H24) + Total do Submódulo 2.1 (I30)).
A37: E | B37: SENAI ou SENAC | H37: 0.01 | I37: =ROUND(H37*($H$24+$I$30),2) -> 46.8 | K37: Cálculo = Percentual Legal de 1,00% (H37) x (Total da Remuneração (H24) + Total do Submódulo 2.1 (I30)).
A38: F | B38: SEBRAE | H38: 0.006 | I38: =ROUND(H38*($H$24+$I$30),2) -> 28.08 | K38: Cálculo = Percentual Legal de 0,60% (H38) x (Total da Remuneração (H24) + Total do Submódulo 2.1 (I30)).
A39: G | B39: INCRA | H39: 0.002 | I39: =ROUND(H39*($H$24+$I$30),2) -> 9.36 | K39: Cálculo = Percentual Legal de 0,20% (H39) x (Total da Remuneração (H24) + Total do Submódulo 2.1 (I30)).
A40: H | B40: FGTS | H40: 0.08 | I40: =ROUND(H40*($H$24+$I$30),2) -> 374.4 | K40: Cálculo = Percentual Legal de 8,00% (H40) x (Total da Remuneração (H24) + Total do Submódulo 2.1 (I30)).
A41: Total do Submódulo 2.2 | H41: =SUM(H33:H40) -> 0.398 | I41: =SUM(I33:I40) -> 1862.64 | K41: Soma dos Itens A a H.
A43: 2.3 | B43: Submódulo 2.3 - Benefícios Mensais e Diários | H43: Valor (R$)
A44: A | B44: Transporte | C44: Sim/Não | D44: Valor (R$) | E44: Passagens | F44: Dias | G44: Desconto | H44: =IF(AND(C45="S",(D45*E45*F45)-G45>0),(D45*E45*F45)-G45,0) -> 0 | K44: Caso não seja previsto Auxílio Transporte, marcar a opção "N" no Campo C45.
C45: S | D45: 4.85 | E45: 2 | F45: 22 | G45: =IF(C45="N","",IF(H22>0,ROUND(0.06*H22,2),"")) -> 235.09 | K45: Cálculo = Valor Unitário da Passagem (D45) x Quant. (E45) x Total de Dias (F45) - Desconto Legal (G45) de 6% do Salário Base (H22).
A46: B | B46: Auxílio Refeição/Alimentação | D46: Sim/Não | E46: Valor (R$) | G46: Desconto | H46: =IF(D47="S",ROUND((E47)*(1-G47),2),"") -> 911.49 | K46: Caso não seja previsto Auxílio Alimentaçõ/Refeição, marcar a opção "N" no Campo D47.
D47: S | E47: ='Auxiliar Adm.'!E47:F47 -> 920.7 | G47: 0.01 | K47: Cálculo = Valor Total do Vale (E47) - Desconto percentual (verificar se há ou não desconto na CCT e aplicar).
A48: C | B48: Seguro de Vida, Invalidez e Funeral | H48: 10.5 | K48: Inserir o valor por funcionário se houver.
A49: D | B49: Amparo Social | H49: 23.36 | K49: Valor de amparo social previsto no Contrato nº 110/2025.
A50: E | B50: Outros (Especificar) | K50: Inserir o valor por funcionário se houver.
A51: Total do Submódulo 2.3 | H51: =SUM(H44:I50) -> 945.35 | K51: Soma dos Itens A a E.
A53: QUADRO RESUMO DO MÓDULO 02 - ENCARGOS E BENEFÍCIOS ANUAIS MENSAIS E DIÁRIOS
A54: 2 | B54: Encargos e Benefícios Anuais, Mensais e Diários | H54: Valor (R$)
A55: 2.1 | B55: 13º (décimo terceiro) Salário e Adicional de Férias | H55: =I30 -> 761.86 | K55: Soma do total do Submódulo 2.1, extraído do campo I30.
A56: 2.2 | B56: GPS, FGTS e outras contribuições | H56: =I41 -> 1862.64 | K56: Soma do total do Submódulo 2.2, extraído do campo I41.
A57: 2.3 | B57: Benefícios Mensais e Diários | H57: =H51 -> 945.35 | K57: Soma do total do Submódulo 2.3, extraído do campo H51.
A58: Total do Módulo 02 | H58: =SUM(H55:I57) -> 3569.85 | K58: Soma dos itens 2.1 a 2.3.
A60: MÓDULO 03 - PROVISÃO PARA RESCISÃO
A61: 3 | B61: Provisão para Rescisão | H61: (%) | I61: Valor (R$)
A62: A | B62: Aviso Prévio Indenizado | F62: (%) : | G62: 1 | H62: =(1/12)*G62 -> 0.083333333 | I62: =H62*$H$24 -> 326.51333 | K62: Cálculo = Percentual indicado de trabalhadores demitidos com aviso prévio indenizado (G62) * Percentual de 1/12 (H62) x Total da Remuneração (H24).
A63: B | B63: Incidência do FGTS sobre o Aviso Prévio Indenizado | H63: =0.08*H62 -> 0.0066666667 | I63: =H63*$H$24 -> 26.121067 | K63: Cálculo = Percentual de 8% x Percentual valor previsto para API (H62) x Total da Remuneração (H24).
A64: C | B64: Aviso Prévio Trabalhado | H64: =(7/30)/12*0 -> 0 | I64: =H64*$H$24 -> 0 | K64: Cálculo = ((1/30)*7)/12 = Percentual de 1,94% (H65) x Total da Remuneração (H24) Total zerado em razão da previsão de 100% de ocorrência do aviso prévio indenizado.
A65: D | B65: Incidência dos encargos do submódulo 2.2 sobre o Aviso Prévio Trabalhado | H65: =H64*H41 -> 0 | I65: =H65*$H$24 -> 0 | K65: Cálculo = Percentual do Submódulo 2.2 (H41) x Percentual do APT (H65) x Total da Remuneração (H24).
A66: F | B66: Multa do FGTS e contribuição social sobre o Aviso Prévio Trabalhado | H66: 0.04 | I66: =H66*$H$24 -> 156.7264 | K66: Cálculo = Anexo XII da IN 5/2017: Para os órgãos que trabalham com Conta Vinculada, a Multa do FGTS deve ser igual a 4%.
A67: Total do Módulo 03 | H67: =SUM(I62:I66) -> 509.3608 | K67: Soma dos Itens A a F
A69: MÓDULO 04 - CUSTO DE REPOSIÇÃO DO PROFISSIONAL AUSENTE
A70: 4.1 | B70: Submódulo 4.1 - Ausências Legais | H70: (%) | I70: Valor (R$)
A71: A | B71: Substituto na Cobertura de Férias | H71: =((((4/3)/12)+(1/12))/12) -> 0.016203704 | I71: =H71*$H$24 -> 63.488704 | K71: Cálculo = (Percentual de 1/12 (referente ao aprovisionamento mensal das férias do ferista) + Percentual de 1/12 (referente ao aprovisionamento mensal das 13º salário))/12 (meses do contrato) (H71) x Total da Remuneração (H24).
A72: B | B72: Substituto na Cobertura das Ausências Legais | H72: 0.0054 | I72: =H72*$H$24 -> 21.158064 | K72: Cálculo = Percentual indicado, conforme CCT (H72) x Total da Remuneração (H24).
A73: C | B73: Substituto na Cobertura de Licença-Paternidade/Maternidade | H73: 0.0002 | I73: =H73*$H$24 -> 0.783632 | K73: Cálculo = Percentual indicado, conforme CCT (H73) x Total da Remuneração (H24).
A74: D | B74: Substituto na Cobertura das Ausências por Acidente de Trabalho | H74: 0.0033 | I74: =H74*$H$24 -> 12.929928 | K74: Cálculo = Percentual indicado, conforme CCT (H74) x Total da Remuneração (H24).
A75: E | B75: Substituto na Cobertura de Auxílio Doença | H75: 0.0287 | I75: =H75*$H$24 -> 112.45119 | K75: Cálculo = Percentual indicado, conforme CCT (H75) x Total da Remuneração (H24).
A76: F | B76: Substituto na Cobertura de Outras Ausências (Especificar) | I76: =H76*$H$24 -> 0
A77: Total do Submódulo 4.1 | H77: =SUM(H71:H76) -> 0.053803704 | I77: =SUM(I71:I76) -> 210.81152 | K77: Soma dos Itens A a F.
A79: 4.2 | B79: Submódulo 4.2 - Substituto na Intrajornada | H79: (%) | I79: Valor (R$)
A80: A | B80: Substituto no Intervalo para Repouso ou Alimentação | I80: =(H24)*H80 -> 0 | K80: Apresentar Base de cálculo para o percentual indicado.
A81: Total do Submódulo 4.2 | H81: =SUM(I80) -> 0
A83: QUADRO RESUMO DO MÓDULO 04 - CUSTO DE REPOSIÇÃO DO PROFISSIONAL AUSENTE
A84: 4 | B84: Custo de Reposição de Profissionais Ausentes. | H84: Valor (R$)
A85: 4.1 | B85: Ausências Legais | H85: =I77 -> 210.81152 | K85: Soma Total do Submódulo 4.1 extraída do Campo I77.
A86: 4.2 | B86: Substituto na Intrajornada | H86: =H81 -> 0 | K86: Soma Total do Submódulo 4.2 extraída do Campo H81.
A87: Total do Módulo 04 | H87: =SUM(H85:I86) -> 210.81152 | K87: Soma dos Itens 4.1 e 4.2.
A89: MÓDULO 05 - INSUMOS DIVERSOS
A90: 5 | B90: Insumos Diversos | H90: Valor (R$)
A91: A | B91: Uniformes (custo mensal por empregado) | H91: =Uniformes!E11 -> 70.07 | K91: Cálculo = Se houver, calcular o valor total dividir pela quantidade de meses do contrato, utilizando uma memória de cálculo em outra planilha.
A92: B | B92: Equipamentos (custo mensal por empregado) | H92: =Equipamento!E7 -> 9.44 | K92: Cálculo = Se houver, calcular o valor total dividir pela quantidade de meses do contrato, utilizando uma memória de cálculo em outra planilha.
A93: C | B93: Outros (Especificar) | H93: 0 | K93: Cálculo = Se houver, calcular o valor total dividir pela quantidade de meses do contrato, utilizando uma memória de cálculo em outra planilha.
A94: Total do Módulo 05 | H94: =SUM(H91:I93) -> 79.51 | K94: Soma dos Itens A a C.
A96: MÓDULO 6: CUSTOS INDIRETOS, TRIBUTOS E LUCRO
A97: 6 | B97: Custos Indiretos, Tributos e Lucro | H97: (%) | I97: Valor (R$)
A98: A | B98: Custos indiretos | H98: 0.05 | I98: =H114*H98 -> 414.38462 | K98: Cálculo = % (H98) x Módulo 1 a 5 (H114).
A99: B | B99: Lucro | H99: 0.1 | I99: =(I98+H114)*H99 -> 870.20769 | K99: Cálculo = % (H99) x (Módulo 1 a 5 (H114) + Custos Indiretos (I98)).
A100: C | B100: Tributos | H100: =SUM(H101:H104) -> 0.1425 | I100: =SUM(I101:I104) -> 1590.7295 | K100: Cálculo = Soma dos Tributos (I101 a I103).
A101: C.1 | C101: Tributos Federais | D101: PIS | H101: 0.0165 | I101: =(($H$114+$I$98+$I$99)/(1-$H$100))*H101 -> 184.18973 | K101: Cálculo = % (H101) x ((Módulo 1 a 5 (H114) + Custos Indiretos (I98) + Lucro (I99)) / (1 - Percentual de Tributos (H100))).
A102: C.2 | D102: COFINS | H102: 0.076 | I102: =(($H$114+$I$98+$I$99)/(1-$H$100))*H102 -> 848.38908 | K102: Cálculo = % (H102) x ((Módulo 1 a 5 (H114) + Custos Indiretos (I98) + Lucro (I99)) / (1 - Percentual de Tributos (H100))).
A103: C.3 | C103: Tibutos Municipais | D103: ISS | H103: 0.05 | I103: =(($H$114+$I$98+$I$99)/(1-$H$100))*H103 -> 558.15071 | K103: Cálculo = % (H103) x ((Módulo 1 a 5 (H114) + Custos Indiretos (I98) + Lucro (I99)) / (1 - Percentual de Tributos (H100))).
A104: C.4 | C104: Outros Tributos | H104: 0 | I104: =(($H$114+$I$98+$I$99)/(1-$H$100))*H104 -> 0
A105: Total Módulo 06 | I105: =SUM(I98:I100) -> 2875.3218 | K105: Soma dos Itens A a C.
A107: QUADRO RESUMO DO CUSTO POR EMPREGADO
A108: Mão-de-obra vinculada à execução contratual (valor por empregado) | H108: Valor (R$)
A109: A | B109: Módulo 1 - Composição da Remuneração | H109: =H24 -> 3918.16 | K109: Cálculo = Soma do Módulo 1 (H24).
A110: B | B110: Módulo 2 - Encargos e Benefícios Anuais, Mensais e Diários | H110: =H58 -> 3569.85 | K110: Cálculo = Soma do Módulo 2 (H58).
A111: C | B111: Módulo 3 - Provisão para rescisão | H111: =H67 -> 509.3608 | K111: Cálculo = Soma do Módulo 3 (H67).
A112: D | B112: Módulo 4 – Custo de Reposição do Profissional Ausente | H112: =H87 -> 210.81152 | K112: Cálculo = Soma do Módulo 4 (H87).
A113: E | B113: Módulo 5 – Insumos Diversos | H113: =H94 -> 79.51 | K113: Cálculo = Soma do Módulo 5 (H94).
A114: SUBTOTAL (A+B+C+D+E) | H114: =SUM(H109:I113) -> 8287.6923 | K114: Soma dos Itens A a E.
A115: F | B115: Módulo 6 – Custos indiretos, tributos e lucro | H115: =I105 -> 2875.3218 | K115: Cálculo = Soma do Módulo 6 (H105).
...

Sheet Uniformes
A1: UNIFORMES
B2: Descrição | C2: Valor Un. (R$) | D2: Qt. Anual | E2: Valor 1º Ano (R$)
A3: 1 | B3: Camisa Material: 100% Algodão, Tipo: Polo, Modelo Manga: Curta, Tipo Gola: Pólo , Cor: Escura (pref. Preto, cinza, azul ou verde). | C3: 45 | D3: 5 | E3: =IF(C3<>"",C3*(D3),"") -> 225
A4: 2 | B4: Calça Material: 100% Algodão, Quantidade Bolsos: 4, Tipo Bolso: 2 Frontais Faca E 2 Traseiros Chapados, Tipo Cós: Fechamento Frontal Com Zíper E Botão , Cor: Escura, Características Adicionais: Com Passadores Para Cinto. | C4: 59.99 | D4: 3 | E4: =IF(C4<>"",C4*(D4),"") -> 179.97
A5: 3 | B5: Meia, Material: 70% Algodao 25% Poliamida E 5% Elastodieno, Cor: Preta, Tamanho: Único, Características Adicionais: Cano Médio. | C5: 3.99 | D5: 5 | E5: =IF(C5<>"",C5*(D5),"") -> 19.95
A6: 4 | B6: Cinto Vestuário Material: Couro , Cor: Preto/Marrom , Material Fivela: Metal Prateado , Tamanho: Grande , Características Adicionais: Dupla Face | C6: 71 | D6: 1 | E6: =IF(C6<>"",C6*(D6),"") -> 71
A7: 5 | B7: Sapato social, preto, couro | C7: 169.9 | D7: 2 | E7: =IF(C7<>"",C7*(D7),"") -> 339.8
A8: 6 | B8: Crachá | C8: 5.15 | D8: 1 | E8: =IF(C8<>"",C8*(D8),"") -> 5.15
A9: Valor total | E9: =SUM(E3:E8) -> 840.87
A10: Total de meses de Contratação | E10: ='Auxiliar Adm.'!G8 -> 12
A11: Custo Mensal por Empregado | E11: =IF(AND(E9>0,E10<>""),ROUND(E9/E10,2),"") -> 70.07
C13: .

Sheet Equipamento
A1: EQUIPAMENTO
B2: Descrição | C2: Valor Un. (R$) | D2: Qt. Anual | E2: Valor 1º Ano (R$)
A3: 1 | B3: Relógio Ponto Mostrador: Digital , Tipo: Biométrico , Características Adicionais: Teclas Em Padrão Telefônico , Alimentação: 110/200 | C3: 1699.9 | D3: 1 | E3: =IF(C3<>"",C3*(D3),"") -> 1699.9
A4: Valor total | E4: =SUM(E3:E3) -> 1699.9
A5: Total de meses de Contratação | E5: ='Auxiliar Adm.'!G8 -> 12
A6: Total de empregados | E6: =('Valor Máximo Aceitável'!D13+'Valor Máximo Aceitável'!D14) -> 15
A7: Custo Mensal por Empregado | E7: =IF(AND(E4>0,E5<>""),ROUND((E4/E5)/E6,2),"") -> 9.44
